 Dungeon Crawl Stone Soup version 0.22-a0-271-gc000056 (webtiles) character file.

18937 tilp the Frost Mage (level 12, -8/96 (97) HPs)
             Began as a Merfolk Ice Elementalist on Mar 12, 2018.
             Was a High Priest of Makhleb.
             Mangled by a six-headed hydra (16 damage)
             ... on level 11 of the Dungeon.
             The game lasted 01:02:24 (17036 turns).

tilp the Frost Mage (Merfolk Ice Elementalist)     Turns: 17036, Time: 01:02:24

HP:   -8/96 (97)    AC: 11    Str:  8    XL:     12   Next: 63%
MP:   14/21         EV: 17    Int: 26    God:    Makhleb [*****.]
Gold: 678           SH:  0    Dex: 14    Spells: 2/23 levels left

rFire    + . .     SeeInvis .   M - +9 whip "Xowoeppe" {flame, rF+}
rCold    . . .     Gourm    .   (no shield)
rNeg     . . .     Faith    .   U - +2 robe {MR+}
rPois    .         Spirit   .   s - +1 helmet
rElec    .         Reflect  .   a - +2 cloak
rCorr    .         Harm     .   O - +0 pair of gloves
MR       ++...                  I - +0 pair of boots
Stlth    ++++......             W - amulet of the acrobat
HPRegen  0.26/turn              Q - ring of protection from magic
MPRegen  0.17/turn              E - +6 ring of intelligence

@: sleeping, very slightly contaminated
A: change form in water, swift swim, stealthy swim
a: Minor Destruction, Lesser Servant of Makhleb, Major Destruction, Greater
Servant of Makhleb, Renounce Religion


You were on level 11 of the Dungeon.
You worshipped Makhleb.
Makhleb was extremely pleased with you.
You were not hungry.

You visited 3 branches of the dungeon, and saw 13 of its levels.

You collected 678 gold pieces.

Inventory:

Hand Weapons
 n - a +0 trident
 w - a +0 halberd
 M - the +9 whip "Xowoeppe" (weapon) {flame, rF+}
   (You found it on level 7 of the Dungeon)

   It has been specially enchanted to burn those struck by it, causing extra
   injury to most foes and up to half again as much damage against particularly
   susceptible opponents.
   It protects you from fire.
Missiles
 x - 5 javelins
 K - 16 tomahawks (quivered)
Armour
 a - a +2 cloak (worn)
 l - the +2 cloak of the Thief {+Fog Slay-2 SInv Stlth+}
   (You found it on level 11 of the Dungeon)

   It affects your accuracy and damage with ranged weapons and melee attacks
   (-2).
   It lets you see invisible.
   It makes you more stealthy.
 r - a scarf of cloud immunity
 s - a +1 helmet (worn)
 F - a +1 robe of cold resistance
 I - a +0 pair of boots (worn)
 O - a +0 pair of gloves (worn)
 U - a +2 robe of magic resistance (worn)
 Y - a +3 leather armour
Jewellery
 i - an uncursed amulet of harm {unknown}
 k - an uncursed ring of protection from cold
 v - an uncursed ring of positive energy
 A - a +4 ring of protection
 D - a +3 ring of slaying
 E - a +6 ring of intelligence (right hand)
 P - a +3 ring of protection
 Q - a ring of protection from magic (left hand)
 R - the ring of Shadows {Umbra +Inv Stlth+}
   (You found it on level 11 of the Dungeon)

   [ring of stealth]

   It lets you turn invisible.
   It makes you more stealthy.
 W - an amulet of the acrobat (around neck)
Wands
 d - a wand of paralysis (8)
 C - a wand of polymorph (39)
 G - a wand of disintegration (37)
 V - a wand of flame (25)
 Z - a wand of enslavement (10)
Scrolls
 f - a scroll of enchant armour {unknown}
 h - 8 scrolls of remove curse
 q - 5 scrolls of enchant weapon
 t - a scroll of fear {unknown}
 H - 2 scrolls of magic mapping
 L - a scroll of immolation {unknown}
 N - 2 scrolls of amnesia
 S - a scroll of teleportation
 T - a scroll of holy word {unknown}
 X - a scroll of brand weapon {unknown}
Potions
 e - 2 potions of flight
 g - 5 potions of brilliance
 o - a potion of agility
 p - 2 potions of curing
 u - a potion of cancellation
 z - 2 potions of mutation
 B - 3 potions of might
Miscellaneous
 b - a sack of spiders
 J - a lamp of fire
Comestibles
 c - 28 rations


   Skills:
 - Level 10.1 Fighting
 - Level 8.0 Dodging
 - Level 7.2 Stealth
 - Level 6.0 Spellcasting
 - Level 8.0 Conjurations
 - Level 2.0 Charms
 - Level 12.0 Ice Magic
 + Level 5.3 Invocations


You had 2 spell levels left.
You knew the following spells:

 Your Spells              Type           Power        Failure   Level  Hunger
a - Freeze                Ice            ####         1%          1    None
b - Throw Frost           Conj/Ice       ######       1%          2    None
c - Ozocubu's Armour      Chrm/Ice       #####...     1%          3    None
d - Throw Icicle          Conj/Ice       ######..     1%          4    ###....
e - Conjure Flame         Conj/Fire      ####....     4%          3    None
f - Blink                 Tloc           N/A          11%         2    None
g - Mephitic Cloud        Conj/Pois/Air  ###.....     7%          3    None
h - Regeneration          Chrm/Necr      ##........   14%         3    None


Dungeon Overview and Level Annotations

Branches:
Dungeon (11/15)            Temple (0/1) D:5            Lair (1/6) D:11
    Orc (1/2) D:11

Altars:
Ashenzari
Cheibriados
Fedhas
Gozag
Kikubaaqudgha
Makhleb
Okawaru
Qazlal
Sif Muna
Trog
Uskayaw
Wu Jian
Xom
Yredelemnul
Zin
The Shining One
Beogh

Shops:
D:3 *

Annotations:
Orc:1 !orc warlord by stairs


Message History

Confirm with . or Enter, or press ? or * to list all spells.
You miscast Blink.
Nothing appears to happen.
The komodo dragon bites you.
* * * LOW HITPOINT WARNING * * *
The six-headed hydra bites you but does no damage.
The six-headed hydra bites you!
* * * LOW HITPOINT WARNING * * *
The six-headed hydra bites you but does no damage.
The six-headed hydra completely misses you.
The six-headed hydra bites you but does no damage.
The six-headed hydra bites you.
* * * LOW HITPOINT WARNING * * *
Unknown command.
Casting: Blink (safe; 11% risk of failure)
Confirm with . or Enter, or press ? or * to list all spells.
You blink.
The dream sheep shake their wool and sparkle.
You feel drowsy...
You fall asleep.
Your icy armour evaporates.
The six-headed hydra barely misses you. The six-headed hydra bites you!
You die...

.........#..P....#...........#
.........#.......#########...#
..................# #...#
..................## #...#
##...........>.....# #...#
##................# #...#
####..........l....#######...####
#.###....#..P.YPD#..............#
.#.##....#....PY@#......).......#
.#.##....##.....##....(...).....#
.#.##....###...###....[..)<.(...#
.#..#.............##########....#
.#..#....>........#........#....#
.#.##.............#........#....#
.###..............#......).#....#
###...............#........#....#
.#................##'#######....#


You could see a six-headed hydra, a komodo dragon and 2 dream sheep.

Vanquished Creatures
  2 hydras (D:11)
  A centaur warrior (D:11)
  A catoblepas (D:11)
  3 two-headed ogres
  A glowing orange brain (D:11)
  A wizard (D:11)
  Pikel (D:4)
  A deep elf mage (D:9)
  2 ugly things
  A cyclops (D:11)
  A centaur zombie (D:11)
  Maurice (D:9)
  A spiny frog (Lair:1)
  A gargoyle (D:11)
  5 kobold demonologists (D:11)
  3 trolls (D:11)
  4 hippogriffs
  2 dream sheep
  A basilisk (D:11)
  2 yaks (D:11)
  Grum (D:9)
  A steam dragon (D:11)
  A vampire mosquito (D:10)
  An acid dragon (D:11)
  5 orc warriors
  4 phantoms
  5 ice beasts
  2 sky beasts (D:9)
  A slave (D:4)
  2 black bears
  2 eyes of draining (D:11)
  2 necrophages
  4 wolves
  3 centaurs
  7 ogres
  5 crocodiles (D:11)
  A big kobold (D:10)
  A bullfrog (D:11)
  A gnoll sergeant (D:5)
  A wyvern zombie (D:10)
  2 scorpions
  A wyvern skeleton (D:11)
  5 wights (D:10)
  A howler monkey (D:11)
  4 quasits
  5 crimson imps
  10 orc priests
  3 centaur skeletons
  3 hounds
  3 jellies
  10 orc wizards
  4 bullfrog skeletons
  Jessica (D:3)
  A gnoll shaman (D:7)
  4 iguanas
  12 worker ants
  A hound skeleton (D:9)
  A worker ant zombie (D:10)
  Robin (D:3)
  14 gnolls
  A howler monkey skeleton (D:4)
  13 adders
  2 shadow imps
  An ooze (D:2)
  2 adder zombies
  An adder skeleton (D:4)
  2 worms
  A dart slug (D:2)
  A leopard gecko (D:4)
  57 orcs
  2 ball pythons
  A bat (D:2)
  9 giant cockroaches
  13 goblins
  10 hobgoblins
  6 jackals
  5 quokkas
  6 frilled lizards
  A jackal zombie (D:7)
  7 kobolds
  2 leopard gecko skeletons
  5 rats
319 creatures vanquished.

Vanquished Creatures (others)
  A plant (Lair:1)
1 creature vanquished.

Grand Total: 320 creatures vanquished

Notes
Turn   | Place    | Note
-------+----------+-------------------------------------------
     0 | D:1      | tilp the Merfolk Ice Elementalist began the quest for the Orb.
     0 | D:1      | Reached XP level 1. HP: 13/13 MP: 3/3
   199 | D:1      | Reached XP level 2. HP: 19/19 MP: 1/5
   807 | D:2      | Learned a level 2 spell: Throw Frost
   815 | D:2      | Reached XP level 3. HP: 20/24 MP: 4/6
   820 | D:2      | Learned a level 3 spell: Ozocubu's Armour
  1282 | D:2      | Found a blossoming altar of Fedhas.
  1338 | D:2      | Reached XP level 4. HP: 10/30 MP: 7/7
  1351 | D:2      | HP: 1/30 [poisoned by an adder]
  2104 | D:3      | Found an opulent altar of Gozag.
  2106 | D:3      | Noticed Robin
  2464 | D:3      | Reached skill level 4 in Ice Magic
  2539 | D:3      | Found Gozag's Platinum Reserve.
  2748 | D:3      | Noticed Jessica
  2768 | D:3      | Killed Jessica
  2768 | D:3      | Reached XP level 5. HP: 25/35 MP: 1/9
  3048 | D:3      | Killed Robin
  3238 | D:3      | Found a basalt altar of Yredelemnul.
  3333 | D:4      | Noticed a slave
  3435 | D:4      | Found a glowing golden altar of the Shining One.
  3541 | D:4      | Found a burning altar of Makhleb.
  3543 | D:4      | Found a glowing silver altar of Zin.
  3543 | D:4      | Noticed a balrug
  3543 | D:4      | Noticed an angel
  3545 | D:4      | Noticed Pikel
  3545 | D:4      | Noticed a slave
  3546 | D:4      | Became a worshipper of Makhleb the Destroyer
  3660 | D:4      | Noticed a slave
  3828 | D:4      | Reached XP level 6. HP: 33/41 MP: 5/10
  3871 | D:4      | Found a shimmering altar of Xom.
  4093 | D:4      | Found a deep blue altar of Sif Muna.
  4093 | D:4      | Found an ornate altar of the Wu Jian Council.
  4093 | D:4      | Found an iron altar of Okawaru.
  4094 | D:4      | Found a bloodstained altar of Trog.
  4096 | D:4      | Found a snail-covered altar of Cheibriados.
  4097 | D:4      | Found an ancient bone altar of Kikubaaqudgha.
  4098 | D:4      | Found a stormy altar of Qazlal.
  4192 | D:5      | Entered Level 5 of the Dungeon
  4292 | D:5      | Reached skill level 5 in Dodging
  4316 | D:5      | Noticed Grinder
  4332 | D:5      | Noticed Grinder
  4332 | D:5      | Grinder changed into Grinder the quasit
  4356 | D:4      | Killed Grinder the quasit
  4482 | D:5      | Found a glowing golden altar of the Shining One.
  4492 | D:5      | Reached skill level 5 in Ice Magic
  4617 | D:5      | Reached XP level 7. HP: 31/46 MP: 9/12
  4843 | D:5      | Found a staircase to the Ecumenical Temple.
  5007 | D:5      | Reached skill level 5 in Stealth
  5668 | D:6      | Reached * piety under Makhleb
  5686 | D:6      | Reached XP level 8. HP: 48/52 MP: 5/14
  6080 | D:6      | Reached skill level 6 in Ice Magic
  6681 | D:7      | Noticed a hippogriff
  6848 | D:7      | Found a hide-covered altar of Uskayaw.
  7114 | D:7      | Reached skill level 5 in Spellcasting
  7420 | D:7      | Got a brightly glowing whip
  7421 | D:7      | Identified the +9 whip "Xowoeppe" {flame, rF+} (You found it on level 7 of the Dungeon)
  8197 | D:8      | Reached XP level 9. HP: 36/57 MP: 14/17
  8287 | D:8      | Reached skill level 7 in Ice Magic
  8482 | D:8      | Found a shattered altar of Ashenzari.
  8597 | D:9      | Reached skill level 1 in Fighting
  8696 | D:9      | Reached ** piety under Makhleb
  8707 | D:9      | Noticed Grum
  8736 | D:8      | Reached skill level 1 in Conjurations
  9373 | D:9      | Found a roughly hewn altar of Beogh.
  9380 | D:9      | Reached skill level 1 in Charms
  9615 | D:9      | Noticed a deep elf mage
  9698 | D:9      | Noticed Maurice
 10102 | D:9      | Reached skill level 8 in Ice Magic
 10178 | D:9      | Reached *** piety under Makhleb
 10218 | D:10     | Entered Level 10 of the Dungeon
 10251 | D:10     | Reached XP level 10. HP: 70/70 MP: 18/18
 10310 | D:10     | Reached skill level 9 in Ice Magic
 10567 | D:10     | Got a scorched falchion
 10774 | D:10     | Reached skill level 10 in Ice Magic
 10788 | D:10     | Learned a level 4 spell: Throw Icicle
 10792 | D:10     | Learned a level 3 spell: Conjure Flame
 10795 | D:10     | Learned a level 2 spell: Blink
 10799 | D:10     | Learned a level 3 spell: Mephitic Cloud
 10814 | D:10     | Noticed a two-headed ogre
 11302 | D:11     | Noticed a kobold demonologist
 11343 | D:11     | Noticed a kobold demonologist
 11345 | D:11     | Noticed a kobold demonologist
 11345 | D:11     | Noticed a kobold demonologist
 11602 | D:11     | Noticed a two-headed ogre
 11736 | D:10     | Killed a two-headed ogre
 11736 | D:10     | Reached skill level 5 in Conjurations
 11793 | D:10     | Reached **** piety under Makhleb
 11959 | D:11     | Killed a two-headed ogre
 11959 | D:11     | Reached skill level 5 in Fighting
 12085 | D:11     | Noticed a red ugly thing
 12085 | D:11     | Reached XP level 11. HP: 81/81 MP: 14/20
 12109 | D:10     | Killed a red ugly thing
 12221 | D:11     | Found a staircase to the Lair.
 12244 | D:11     | Noticed a soul eater
 12318 | D:11     | Noticed a red ugly thing
 12338 | D:11     | Killed a red ugly thing
 12457 | D:11     | Noticed a centaur warrior
 12522 | D:9      | Killed Grum
 12774 | D:4      | Killed Pikel
 12958 | D:9      | Killed Maurice
 12988 | D:9      | Killed a deep elf mage
 12996 | D:9      | Identified the cursed +2 falchion of Vuddebac {slice, MP+9 Dex+7 SInv Stlth-} (You found it on level 10 of the Dungeon)
 13041 | D:9      | Learned a level 3 spell: Regeneration
 13418 | D:11     | Noticed an eight-headed hydra
 13571 | D:11     | Killed a centaur warrior
 13593 | D:11     | Noticed a wizard
 13913 | D:11     | Noticed a glowing orange brain
 13940 | D:11     | Killed a glowing orange brain
 14046 | Lair:1   | Entered Level 1 of the Lair of Beasts
 14181 | D:11     | Found a staircase to the Orcish Mines.
 14242 | Orc:1    | Entered Level 1 of the Orcish Mines
 14242 | Orc:1    | Noticed an orc warlord
 14242 | Orc:1    | Noticed an orc sorcerer
 14408 | D:11     | Reached skill level 10 in Fighting
 14408 | D:11     | Reached XP level 12. HP: 97/97 MP: 18/21
 14456 | D:11     | Noticed a soul eater
 14488 | D:11     | Noticed a sun demon
 14753 | D:11     | Reached ***** piety under Makhleb
 14818 | D:11     | Noticed a two-headed ogre
 15146 | D:11     | Noticed a four-headed hydra
 15164 | D:11     | Killed a four-headed hydra
 15164 | D:11     | Reached skill level 11 in Ice Magic
 15623 | D:11     | Killed an eight-headed hydra
 15623 | D:11     | Reached skill level 12 in Ice Magic
 15779 | D:11     | Noticed a catoblepas
 15793 | D:11     | HP: 4/96 [catoblepas (3)]
 16150 | D:11     | Killed a two-headed ogre
 16553 | D:11     | Killed a catoblepas
 16640 | D:11     | Found the ring of Shadows {Umbra +Inv Stlth+}
 16774 | D:11     | Found the +2 cloak of the Thief {+Fog Slay-2 SInv Stlth+}
 17000 | Lair:1   | Noticed a six-headed hydra
 17005 | Lair:1   | Reached skill level 5 in Invocations
 17036 | D:11     | Mangled by a six-headed hydra

Vault maps used:
D:1:      zaba_arrival_water
D:2:      old_standard_altar, first_ration, lemuel_old_faithful
D:3:      old_standard_altar, nicolae_gozag_zags_fifth_avenue, uniq_jessica,
          uniq_robin
D:4:      grunt_temple_overflow_order_and_chaos_2, minitemple,
          hangedman_decor_slide_cut, uniq_pikel
D:5:      temple_hall, basic_altar, minivault_19, lightli_minifort, uniq_grinder
D:7:      lemuel_crystal_altar, grunt_ogre_cave
D:8:      kennysheep_mini, grunt_ministairs_9
D:9:      special_room, minmay_librarian, uniq_maurice, uniq_grum
D:11:     minmay_the_grid_octo_tiled_octocenter_mashed, david_lair_generic,
          david_orc_2
Lair:1:   infiniplex_staircase_pool, grunt_megastairs_1, lemuel_fruit_tree
Orc:1:    minmay_goldmine

Skill      XL: |  1  2  3  4  5  6  7  8  9 10 11 12 |
---------------+-------------------------------------+-----
Dodging        | 3 4 5 6 7 8 |  8.0
Stealth        | 3 4 5 7 |  7.2
Ice Magic      | 4 5 6 8 10 12 | 12.0
Spellcasting   | 3 4 5 6 |  6.0
Fighting       | 3 5 10 | 10.1
Conjurations   | 4 6 8 |  8.0
Charms         | 2 |  2.0
Invocations    | 5 |  5.3

Action                   |  1- 3 |  4- 6 |  7- 9 | 10-12 || total
-------------------------+-------+-------+-------+-------++-------
Melee: Dagger            |    59 |   186 |   183 |       ||   428
       Whip              |       |       |   239 |   526 ||   765
 Fire: Hunting sling     |       |     5 |       |       ||     5
Throw: Stone             |    39 |     3 |     7 |       ||    49
       Tomahawk          |       |       |     2 |     1 ||     3
 Cast: Freeze            |    15 |    43 |    79 |    52 ||   189
       Ozocubu's Armour  |       |    13 |    29 |    47 ||    89
       Throw Frost       |       |     8 |     5 |    16 ||    29
       Conjure Flame     |       |       |       |    10 ||    10
       Blink             |       |       |       |     5 ||     5
       Mephitic Cloud    |       |       |       |     4 ||     4
       Throw Icicle      |       |       |       |    28 ||    28
       Regeneration      |       |       |       |     2 ||     2
Invok: Minor Destruction |       |       |       |     8 ||     8
Evoke: Wand              |       |     1 |       |     6 ||     7
  Use: Potion            |     2 |       |     3 |     3 ||     8
       Scroll            |       |     7 |     2 |    14 ||    23
 Stab: Sleeping          |     1 |     4 |    10 |     7 ||    22
       Distracted        |       |     2 |     2 |     1 ||     5
       Paralysed         |       |       |       |     4 ||     4
       Confused          |       |       |       |     1 ||     1
  Eat: Chunk             |     2 |    12 |    17 |    22 ||    53
       Ration            |       |       |     1 |     2 ||     3
Armor: Robe              |    11 |    76 |   152 |   144 ||   383
       Leather armour    |       |       |       |   157 ||   157
       Skin              |       |       |       |    25 ||    25
Dodge: Dodged            |    38 |   163 |   385 |   715 ||  1301

Table legend:
 A = Spawn XP
 B = Non-spawn XP
 C = Spawn XP percentage of total XP
 D = Spawn monster count
 E = Non-spawn monster count
 F = Spawn count percentage of total count
 G = Total turns spent on level
                    A         B        C        D         E        F      G
               +---------+---------+-------+---------+---------+-------+---------
         Total |       0 |   27054 |   0.0 |       0 |     318 |   0.0 | 17036
               +---------+---------+-------+---------+---------+-------+---------
           D:1 |       0 |      22 |   0.0 |       0 |      14 |   0.0 |   822
           D:2 |       0 |      95 |   0.0 |       0 |      25 |   0.0 |  1621
           D:3 |       0 |      84 |   0.0 |       0 |      18 |   0.0 |   876
           D:4 |       0 |     913 |   0.0 |       0 |      16 |   0.0 |  1104
           D:5 |       0 |     761 |   0.0 |       0 |      24 |   0.0 |  1555
           D:6 |       0 |     340 |   0.0 |       0 |      10 |   0.0 |   778
           D:7 |       0 |    1002 |   0.0 |       0 |      27 |   0.0 |  1443
           D:8 |       0 |     609 |   0.0 |       0 |      13 |   0.0 |  1045
           D:9 |       0 |    3389 |   0.0 |       0 |      60 |   0.0 |  1766
          D:10 |       0 |    3093 |   0.0 |       0 |      35 |   0.0 |  2131
          D:11 |       0 |   16066 |   0.0 |       0 |      74 |   0.0 |  3852
        Lair:1 |       0 |     680 |   0.0 |       0 |       2 |   0.0 |    41
               +---------+---------+-------+---------+---------+-------+---------
